 Dungeon Crawl Stone Soup version 0.30.0-13-g156ef70053 (webtiles) character file.

Game seed: 6188751904873050628

836 hito the Vexing (level 7, -1/55 HPs)
             Began as a Demigod Enchanter on May 17, 2023.
             Slain by a troll (18 damage)
             ... on level 6 of the Dungeon.
             The game lasted 00:14:23 (5527 turns).

hito the Vexing (Demigod Enchanter)                 Turns: 5527, Time: 00:14:24

Health: -1/55      AC:  5    Str: 15    XL:     7   Next: 39%
Magic:  6/15       EV: 12    Int: 21    God:
Gold:   274        SH:  0    Dex: 18    Spells: 0/13 levels left

rFire   . . .        a - +1 dagger
rCold   . . .        (no shield)
rNeg    . . .        i - +0 robe
rPois   .            j - +0 helmet
rElec   .            G - +0 cloak
rCorr   .            E - +0 pair of gloves
SInv    .            (no boots)
Will    +....        (no amulet)
Stlth   ++           e - ring of willpower
HPRegen 0.29/turn    F - +6 ring of strength
MPRegen 0.14/turn

%: no passive effects
@: very slightly contaminated
A: high MP 1, forlorn, divine attributes
a: no special abilities


You were on level 6 of the Dungeon.
You visited 1 branch of the dungeon, and saw 6 of its levels.

You collected 274 gold pieces.

Inventory:

Hand Weapons
 a - a +1 dagger (weapon)
 r - a +1 trident of flaming
 t - a +2 short sword of freezing
 H - a +2 hammer of holy wrath
Missiles
 d - 5 poisoned darts (quivered)
 h - 4 datura-tipped darts
 u - a throwing net
Armour
 i - a +0 robe (worn)
 j - a +0 helmet (worn)
 E - a +0 pair of gloves (worn)
 G - a +0 cloak (worn)
Magical Staves
 b - a staff of air
 m - a staff of poison
Jewellery
 e - a ring of willpower (left hand)
 F - a +6 ring of strength (right hand)
Wands
 C - a wand of charming (5)
Scrolls
 f - 2 scrolls of enchant weapon {unknown}
 g - a scroll of poison {unknown}
 k - 4 scrolls of teleportation {unknown}
 n - a scroll of acquirement {unknown}
 p - 2 scrolls of magic mapping {unknown}
 q - a scroll of vulnerability {unknown}
 y - a scroll of enchant armour {unknown}
 D - a scroll of fog {unknown}
Potions
 c - 2 potions of invisibility
 l - a potion of heal wounds {unknown}
 o - 2 potions of haste
 s - 3 potions of curing
 v - 2 potions of lignification
 w - a potion of cancellation {unknown}
 x - a potion of mutation
 z - a potion of degeneration {unknown}
 A - 3 potions of magic
 B - a potion of might {unknown}


   Skills:
 - Level 2.0 Fighting
 - Level 4.0 Short Blades
 - Level 1.7 Dodging
 - Level 2.6 Stealth
 + Level 3.6 Spellcasting
 - Level 5.0 Hexes
 - Level 1.0 Ice Magic
 + Level 2.6 Air Magic


You couldn't memorise any spells.
You knew the following spells:

 Your Spells              Type           Power      Damage    Failure   Level
a - Ensorcelled Hibernat  Hex/Ice        32%        N/A       5%          2
b - Tukima's Dance        Hex            24%        N/A       4%          3
c - Shock                 Conj/Air       36%        1d5       8%          1
d - Swiftness             Air            14%        N/A       13%         3
e - Airstrike             Air            7%         2d(1-17)  38%         4

Your spell library contained the following spells:

 Spells                   Type           Power      Damage    Failure   Level
 Confusing Touch          Hex            24%        N/A       4%          3
 Beastly Appendage        Tmut           6%         N/A       12%         1
 Kiss of Death            Conj/Necr      12%        2d6       12%         1
 Cigotuvi's Dreadful Rot  Necr/Pois/Air  14%        N/A       13%         2
 Dazzling Flash           Conj/Hex       28%        N/A       13%         3
 Wereblood                Tmut           3%         N/A       19%         2
 Ignite Poison            Fire/Tmut/Pois 3%         N/A       36%         3
 Spider Form              Tmut/Pois      3%         N/A       36%         3
 Dispel Undead            Necr           3%         3d7       77%         4
 Freezing Cloud           Conj/Ice/Air   4%         6-21      91%         5


Dungeon Overview and Level Annotations

Branches:
Dungeon (6/15)             Temple (0/1) D:4

Shops:
D:6 :

Annotations:
D:3 exclusion: downstairs
D:4 3 runed translucent doors, exclusion: downstairs, SnakkuSnakku7's ghost, amateur TeHs


Innate Abilities, Weirdness & Mutations

You have an increased reservoir of magic. (+10% MP)
You shall have no god before yourself.
Your divine heritage dramatically boosts your attributes as you level up.


Message History

Casting: Ensorcelled Hibernation (safe; 5% risk of failure)
Confirm with . or Enter, or press ? or * to list all spells.
Aiming: Ensorcelled Hibernation (safe; 5% risk of failure)
Press: ? - help, Shift-Dir - straight line, f - troll
Aim: a troll (chance to affect: 50%)
The troll looks drowsy...
Unknown command.
The helpless troll fails to defend itself.
You impale the troll!!
The troll is severely wounded.
The troll barely misses you. The troll claws you.
The troll completely misses you.
Casting: Ensorcelled Hibernation (safe; 5% risk of failure)
Confirm with . or Enter, or press ? or * to list all spells.
The spell is quite dangerous to miscast (38% risk of failure)!
Continue anyway?
Aiming: Airstrike (quite dangerous; 38% risk of failure)
Press: ? - help, Dir - move target, f/p - troll
Aim: a troll (severely wounded, empty space bonus: 4/8)
You miscast Airstrike.
You are very lightly contaminated with residual magic.
Nothing appears to happen.
The troll misses you. The troll claws you! x2
Unknown command.
Casting: Airstrike (quite dangerous; 38% risk of failure)
Confirm with . or Enter, or press ? or * to list all spells.
The spell is quite dangerous to miscast (38% risk of failure)!
Continue anyway?
Aiming: Airstrike (quite dangerous; 38% risk of failure)
Press: ? - help, Dir - move target, f/p - troll
Aim: a troll (severely wounded, empty space bonus: 4/8)
The air twists around and strikes the troll!
The troll is almost dead.
The troll bites you! The troll claws you. The troll misses you.
Unknown command.
You closely miss the troll.
The troll is almost dead.
The troll closely misses you. The troll completely misses you.
The troll claws you.
You hit the troll but do no damage.
The troll is almost dead.
The troll bites you!!
You die...

#########
#........
#........
#........
#........
#........
#T.......
#@.......
##########........
#.........######..
#.........#....#
#.........#....#
#.........'....#
#.........#...##
#.........#####
#.........#


You could see a troll.

Vanquished Creatures
  An ice beast (D:6)
  2 ogres
  2 phantoms (D:4)
  A scorpion (D:5)
  Crazy Yiuf (D:6)
  2 hounds
  An iguana (D:5)
  2 orc wizards
  9 adders
  2 worms
  3 dart slugs
  11 orcs
  10 ball pythons
  5 bats
  7 endoplasms
  3 giant cockroaches
  7 goblins
  4 hobgoblins
  13 jackals
  5 kobolds
  2 quokkas
  3 frilled lizards
  6 rats
102 creatures vanquished.

Notes
Turn   | Place    | Note
-------+----------+-------------------------------------------
     0 | D:1      | hito the Demigod Enchanter began the quest for the Orb.
     0 | D:1      | Reached XP level 1. HP: 14/14 MP: 5/5
    24 | D:1      | Reached skill level 1 in Short Blades
   193 | D:1      | Reached XP level 2. HP: 17/20 MP: 7/7
   198 | D:1      | Reached skill level 3 in Hexes
   257 | D:1      | Learned a level 2 spell: Ensorcelled Hibernation
  1010 | D:2      | Reached XP level 3. HP: 19/26 MP: 5/8
  1127 | D:2      | Reached skill level 1 in Ice Magic
  1429 | D:2      | Learned a level 3 spell: Tukima's Dance
  1431 | D:2      | Learned a level 1 spell: Shock
  1538 | D:2      | Reached XP level 4. HP: 23/33 MP: 4/9
  3234 | D:4      | Reached skill level 4 in Hexes
  3234 | D:4      | Reached XP level 5. HP: 32/38 MP: 9/11
  3296 | D:4      | Noticed an ogre
  3303 | D:4      | Killed an ogre
  3304 | D:4      | Reached skill level 1 in Fighting
  3498 | D:4      | Found a runed translucent gate.
  3498 | D:4      | Found a runed translucent gate.
  3498 | D:4      | Found a runed translucent gate.
  3501 | D:4      | Noticed SnakkuSnakku7's ghost (amateur TeHs)
  3649 | D:4      | Reached XP level 6. HP: 9/47 MP: 5/13
  3884 | D:4      | Found a staircase to the Ecumenical Temple.
  4188 | D:4      | Learned a level 3 spell: Swiftness
  4199 | D:5      | Entered Level 5 of the Dungeon
  4365 | D:4      | Reached skill level 1 in Air Magic
  4527 | D:5      | Reached XP level 7. HP: 55/55 MP: 11/14
  4709 | D:5      | Reached skill level 5 in Hexes
  5119 | D:6      | Found Tasmuxtiwe's Book Shop.
  5343 | D:6      | Learned a level 4 spell: Airstrike
  5403 | D:6      | Found a runed translucent door.
  5404 | D:6      | Noticed Crazy Yiuf
  5410 | D:6      | Killed Crazy Yiuf
  5517 | D:6      | Noticed a troll
  5527 | D:6      | Slain by a troll

Illustrated notes

Levels and vault maps discovered:
D:1:      dpeg_arrival_houses_and_road, layout_basic, kennysheep_nondescript
D:2:      layout_loops_corners, basic_altar
D:3:      layout_loops_ring, mainiacjoe_overflow_divided_tiny
D:4:      layout_rooms, nzn_wu_jian_council_hall, minitemple,
          minmay_temple_entry_enclosed_plants, ebering_ghost_gozag
D:5:      lemuel_ice_spiral_2, layout_rooms, hellmonk_bongcloud_opening
D:6:      layout_gridville, serial_shops, nicolae_shop_peninsula, st_stairs_6,
          uniq_edmund, uniq_crazy_yiuf_cottage, uniq_sigmund

Skill      XL: |  1  2  3  4  5  6  7 |
---------------+----------------------+-----
Short Blades   | 1 2 3 4 |  4.0
Spellcasting   | 2 3 |  3.6
Hexes          | 3 4 5 |  5.0
Ice Magic      | 1 |  1.0
Fighting       | 1 2 |  2.0
Air Magic      | 1 2 |  2.6
Dodging        | |  1.7
Stealth        | |  2.6

Action                     |  1- 3 |  4- 6 |  7- 9 || total
---------------------------+-------+-------+-------++-------
  Melee: Dagger            |   114 |   152 |    42 ||   308
         Short sword       |       |    22 |       ||    22
         Punch             |       |     2 |       ||     2
   Cast: Ensorcelled Hiber |     8 |    27 |     5 ||    40
         Shock             |       |    16 |     4 ||    20
         Tukima's Dance    |       |       |     1 ||     1
         Airstrike         |       |       |     1 ||     1
    Use: Scroll            |       |     5 |       ||     5
   Stab: Sleeping          |    10 |    25 |     6 ||    41
 Armour: Robe              |    14 |    37 |     6 ||    57
  Dodge: Dodged            |    67 |   106 |    25 ||   198
